 Dungeon Crawl Stone Soup version 0.19.1 (webtiles) character file.

17 Illmatic the Digger (level 2, -7/15 HPs)
             Began as a Gargoyle Earth Elementalist on Dec 22, 2016.
             Killed from afar by a goblin (22 damage)
             ... with an exploding inner flame
             ... hexed by the player character
             ... on level 2 of the Dungeon.
             The game lasted 00:01:50 (1109 turns).

Illmatic the Digger (Gargoyle Earth Elementalist)   Turns: 1109, Time: 00:01:50

Health: -7/15      AC:  6    Str: 11    XL:     2   Next: 62%
Magic:  2/5        EV: 12    Int: 15    God:
Gold:   23         SH:  0    Dex: 10    Spells: 1 memorised, 4 levels left

rFire  . . .     SeeInvis .     i - -2 club (curse)
rCold  . . .     Gourm    .     c - +0 robe
rNeg   + . .     Faith    .     (no shield)
rPois  ∞         Spirit   .     (no helmet)
rElec  +         Reflect  .     k - +1 cloak
rCorr  .         Harm     .     (no gloves)
MR     .....                    (no boots)
Stlth  ++........               (no amulet)
                                (no ring)
                                (no ring)

@: no status effects
A: negative energy resistance 1, electricity resistance, unbreathing,
petrification resistance, rot immunity, AC +2
a: no special abilities


You were on level 2 of the Dungeon.
You were hungry.

You visited 1 branch of the dungeon, and saw 2 of its levels.

You collected 23 gold pieces.

Inventory:

Hand Weapons
 i - a cursed -2 club (weapon)
Missiles
 b - 17 stones (quivered)
Armour
 c - a +0 robe (worn)
 k - a +1 cloak (worn)
Jewellery
 g - an uncursed ring of see invisible {unknown}
Potions
 a - a potion of curing {unknown}
 f - a potion of lignification {unknown}
 h - a potion of flight {unknown}
 j - a potion of haste {unknown}
 n - 2 potions of agility {unknown}
Books
 e - a book of Geomancy

   Spells                             Type                      Level
   a - Sandblast                      Earth                        1
   b - Passwall                       Transmutation/Earth          2
   c - Stone Arrow                    Conjuration/Earth            3
   d - Petrify                        Transmutation/Earth          4
   e - Lee's Rapid Deconstruction     Earth                        5
Comestibles
 d - a bread ration


   Skills:
 + Level 1.8 Dodging
 - Level 2.1 Stealth
 + Level 2.2 Spellcasting
   Level 0.7 Transmutations
 * Level 4.2 Earth Magic


You had 4 spell levels left.
You knew the following spells:

 Your Spells              Type           Power        Failure   Level  Hunger
a - Sandblast             Erth           ##....       4%          1    #......


Dungeon Overview and Level Annotations

Branches:
Dungeon (2/15)

Altars:

Annotations:
D:2 Sigmund


Innate Abilities, Weirdness & Mutations

You are resistant to torment.
Your stone body is resilient. (AC +2)
You are immune to poison.
You resist negative energy. (rN+)
You are resistant to electric shocks. (rElec)
You can survive without breathing.
You are immune to petrification.
You are immune to rotting.


Message History

The creatures around you are filled with an inner flame!
It was a scroll of immolation.
The goblin barely misses you.
Unknown command.
Casting: Sandblast
Confirm with . or Enter, or press ? or * to list all spells.
Aiming: Sandblast
Press: ? - help, Shift-Dir - straight line, f/p - hobgoblin
Aim: a hobgoblin, wielding a club (severely wounded, inner flame)
The blast of sand misses the goblin.
The blast of sand misses the hobgoblin.
The goblin barely misses you.
Casting: Sandblast
Confirm with . or Enter, or press ? or * to list all spells.
Aiming: Sandblast
Press: ? - help, Shift-Dir - straight line, f/p - hobgoblin
Aim: a hobgoblin, wielding a club (severely wounded, inner flame)
The blast of sand hits the goblin.
The goblin explodes!
The fiery explosion engulfs you!
Ouch! That really hurt!
You die...

##... .#.$.
##.....
.......
.<.... #
##... ! .
#. #..#
.##.l
#..#@#
#.....
#.#§##...#
#.§g#..#
#....%#
#..#.##
#....#
.....#.<#
#####.....#
#.....#


You could see a hobgoblin (inner flame).

Vanquished Creatures
  An ooze (D:1)
  2 goblins (D:1)
  2 hobgoblins (D:1)
  2 kobolds (D:1)
  3 bats (D:1)
  3 frilled lizards (D:1)
13 creatures vanquished.

Notes
Turn   | Place    | Note
-------+----------+-------------------------------------------
     0 | D:1      | Illmatic the Gargoyle Earth Elementalist began the quest for the Orb.
     0 | D:1      | Reached XP level 1. HP: 10/10 MP: 3/3
   278 | D:1      | Reached XP level 2. HP: 15/15 MP: 3/5
   373 | D:1      | Reached skill level 4 in Earth Magic
  1098 | D:2      | Noticed Sigmund
  1109 | D:2      | Killed from afar by a goblin

Skill      XL: |  1  2 |
---------------+-------+-----
Earth Magic    | 4 |  4.2
Dodging        | |  1.8
Stealth        | |  2.1
Spellcasting   | |  2.2
Transmutations | |  0.7

Action                   || total
-------------------------++-------
Melee: Club              ||    10
 Cast: Sandblast         ||    29
  Use: Scroll            ||     2
 Stab: Sleeping          ||     1
Armor: Robe              ||    19
Dodge: Dodged            ||    30
